 Dungeon Crawl Stone Soup version 0.29.1-1-gd02db69 (webtiles) character file.

Game seed: 3559062524006254178

1320 mallonox the Fighter (level 8, -1/81 HPs)
             Began as a Gargoyle Berserker on Dec 18, 2022.
             Was a Priest of Trog.
             Slain by Maggie
             ... wielding a +1 vorpal broad axe
              (13 damage)
             ... on level 6 of the Dungeon on Dec 19, 2022.
             The game lasted 00:20:20 (5765 turns).

mallonox the Fighter (Gargoyle Berserker)           Turns: 5765, Time: 00:20:20

Health: -1/81      AC: 15    Str: 24    XL:     8   Next: 59%
Magic:  8/8        EV: 17    Int:  7    God:    Trog [***...]
Gold:   318        SH:  0    Dex:  9    Spells: 7/7 levels left

rFire   . . .      SeeInvis .   v - +3 scythe (protect)
rCold   . . .      Faith    .   (shield currently unavailable)
rNeg    + + .      Spirit   .   b - +0 animal skin
rPois   ∞          Reflect  .   G - +1 helmet
rElec   +          Harm     .   A - +2 cloak {rCorr}
rCorr   +          Rampage  .   t - +0 pair of gloves
Will    ++...                   a - +0 pair of boots
Stlth   ..........              (no amulet)
HPRegen 1.23/turn               h - ring of positive energy
MPRegen 0.11/turn               K - +4 ring of evasion

@: berserking (expiring), strong-willed (expiring), regenerating (expiring),
very quick
A: sickness immunity, AC +5, negative energy resistance 1, electricity
resistance, torment resistance 1, petrification resistance
a: Renounce Religion, Berserk, Trog's Hand


You were on level 6 of the Dungeon.
You worshipped Trog.
Trog was most pleased with you.
You visited 1 branch of the dungeon, and saw 6 of its levels.

You collected 318 gold pieces.

Inventory:

Hand Weapons
 r - a +2 vorpal hand axe
 v - a +3 scythe of protection (weapon)
 J - a +1 vampiric trident
Missiles
 g - 68 stones (quivered)
 I - a throwing net
Armour
 a - a +0 pair of boots (worn)
 b - a +0 animal skin (worn)
 k - a +0 ring mail
 t - a +0 pair of gloves (worn)
 A - a +2 cloak of preservation (worn)
 G - a +1 helmet (worn)
Jewellery
 h - a ring of positive energy (left hand)
 i - a ring of protection from cold
 l - a +4 ring of protection
 K - a +4 ring of evasion (right hand)
Scrolls
 c - 2 scrolls of identify
 d - 4 scrolls of teleportation
 j - 2 scrolls of butterflies
 o - a scroll of noise {unknown}
 u - a scroll of magic mapping {unknown}
 w - 2 scrolls of poison {unknown}
 x - a scroll of enchant armour {unknown}
 y - a scroll of brand weapon {unknown}
 z - a scroll of vulnerability {unknown}
 B - a scroll of fear {unknown}
 H - a scroll of enchant weapon {unknown}
Potions
 e - a potion of resistance {unknown}
 f - 3 potions of heal wounds
 m - a potion of mutation {unknown}
 n - 3 potions of attraction
 p - 2 potions of flight {unknown}
 q - 2 potions of haste
 s - 3 potions of lignification {unknown}
 C - a potion of invisibility {unknown}
 D - a potion of might
 E - a potion of curing {unknown}
 F - a potion of magic {unknown}


   Skills:
 + Level 8.2 Fighting
 - Level 3.0 Maces & Flails
 * Level 2.2 Polearms
 + Level 2.2 Armour
 + Level 5.4 Dodging
 + Level 3.1 Stealth


You had 7 spell levels left.
You didn't know any spells.
Your spell library was empty.

Dungeon Overview and Level Annotations

Branches:
Dungeon (6/15)
 Temple: D:4-7

Altars:
Dithmenos
Elyvilon
Fedhas
Okawaru
Vehumet
Wu Jian
Xom
The Shining One

Annotations:
D:6 Maggie


Innate Abilities, Weirdness & Mutations

You are immune to sickness and miasma.
Your stone body is resilient. (AC +5)
You are immune to poison.
You resist negative energy. (rN+)
You are resistant to electric shocks. (rElec)
You are resistant to unholy torment.
You are immune to petrification.


Message History

Maggie casts a spell.
You closely miss Maggie.
Maggie is severely wounded.
You slash Maggie!
Maggie is almost dead.
Maggie barely misses you.
You completely miss Maggie.
Maggie is almost dead.
Maggie hits you but does no damage.
You hit Maggie.
Maggie is almost dead.
Maggie hits you with a +1 vorpal broad axe.
* * * LOW HITPOINT WARNING * * *
x2 You completely miss Maggie.
Maggie is almost dead.
Maggie hits you but does no damage.
You barely miss Maggie.
Maggie is almost dead.
Maggie misses you.
You closely miss Maggie.
Maggie is almost dead.
Maggie gestures wildly while chanting.
You completely miss Maggie.
Maggie is almost dead.
Maggie barely misses you.
You barely miss Maggie.
Maggie is almost dead.
You barely miss Maggie.
Maggie is almost dead.
Maggie barely misses you.
You barely miss Maggie.
Maggie is almost dead.
You feel the effects of Trog's Hand fading.
Maggie points at you and mumbles some strange words.
The bolt of fire hits you!
* * * LOW HITPOINT WARNING * * *
You barely miss Maggie.
Maggie is almost dead.
Maggie hits you with a +1 vorpal broad axe!
You die...

#####............#.#.#
# #......#.##.##.#.#
#####....#.#.##.##.# #
..)))..#.....##.##.#
##)#.#...#.####.# .#
#.#.##.##.####.##.#.#
##.#.##..............#
#.....####.####.###.##
..#........# #.@.#
#.....###### ###@#
##.#.## .# ##### .# .#
.# .# ##


You could see Maggie.

Vanquished Creatures
  Grinder (D:3)
  Sigmund (D:3)
  A water moccasin (D:5)
  2 phantoms
  A necrophage (D:4)
  2 scorpions
  4 hounds
  A jelly (D:4)
  Crazy Yiuf (D:3)
  An orc priest (D:5)
  An orc wizard (D:6)
  Robin (D:4)
  7 gnolls
  7 adders
  2 white imps (D:5)
  An ufetubus (D:5)
  2 worms (D:2)
  3 dart slugs
  17 orcs
  10 ball pythons
  5 endoplasms
  A giant cockroach (D:2)
  13 hobgoblins
  2 jackals (D:3)
  5 quokkas
  2 bats
  3 frilled lizards
  17 goblins
  7 kobolds
  4 rats
125 creatures vanquished.

Vanquished Creatures (others)
  A fungus (D:3)
1 creature vanquished.

Grand Total: 126 creatures vanquished

Notes
Turn   | Place    | Note
-------+----------+-------------------------------------------
     0 | D:1      | mallonox the Gargoyle Berserker began the quest for the
                  | Orb.
     0 | D:1      | Reached XP level 1. HP: 14/14 MP: 1/1
   665 | D:1      | Reached XP level 2. HP: 20/20 MP: 2/2
   693 | D:1      | Found a faded altar of an unknown god.
   853 | D:1      | Reached skill level 4 in Fighting
  1232 | D:2      | Reached XP level 3. HP: 24/24 MP: 3/3
  1452 | D:2      | Reached ** piety under Trog
  2541 | D:2      | Reached XP level 4. HP: 30/30 MP: 4/4
  2807 | D:3      | Noticed Sigmund
  2815 | D:3      | Killed Sigmund
  2816 | D:3      | Reached skill level 6 in Fighting
  2816 | D:3      | Reached skill level 1 in Stealth
  2816 | D:3      | Reached XP level 5. HP: 36/36 MP: 5/5
  3038 | D:3      | Noticed Grinder
  3059 | D:3      | Paralysed by Grinder for 4 turns
  3070 | D:3      | Paralysed by Grinder for 3 turns
  3086 | D:3      | Killed Grinder
  3087 | D:3      | Reached XP level 6. HP: 24/42 MP: 6/6
  3238 | D:3      | Found a white marble altar of Elyvilon.
  3262 | D:3      | Found a blossoming altar of Fedhas.
  3263 | D:3      | Found a shimmering altar of Xom.
  3265 | D:3      | Found an ornate altar of the Wu Jian Council.
  3265 | D:3      | Found a shadowy altar of Dithmenos.
  3266 | D:3      | Found a glowing golden altar of the Shining One.
  3280 | D:3      | Found a radiant altar of Vehumet.
  3388 | D:3      | Reached XP level 7. HP: 42/47 MP: 7/7
  3623 | D:3      | Found a runed translucent door.
  3624 | D:3      | Noticed Crazy Yiuf
  3634 | D:3      | Killed Crazy Yiuf
  3744 | D:4      | Reached skill level 7 in Fighting
  4524 | D:4      | Noticed Robin
  4546 | D:4      | Reached *** piety under Trog
  4547 | D:4      | Reached XP level 8. HP: 51/54 MP: 8/8
  4567 | D:4      | Killed Robin
  4734 | D:5      | Entered Level 5 of the Dungeon
  4824 | D:5      | Reached skill level 8 in Fighting
  5049 | D:5      | Reached skill level 5 in Dodging
  5177 | D:5      | Found an iron altar of Okawaru.
  5300 | D:5      | Reached skill level 1 in Polearms
  5741 | D:6      | Noticed Maggie
  5765 | D:6      | Slain by Maggie

Illustrated notes

Levels and vault maps discovered:
D:1:      dpeg_arrival_orchard, layout_loops_ring,
          shapermc_ecumenical_altar_mp_highgroup, nrook_campfire,
          grunt_decor_junction
D:2:      kennysheep_six_static_rooms, layout_basic
D:3:      layout_loops_cross, nicolae_overflow_hallway_of_the_gods, hex_large,
          uniq_grinder, uniq_crazy_yiuf_cottage, uniq_sigmund
D:4:      layout_rooms, uniq_robin
D:5:      layout_basic, mainiacjoe_overflow_surrounded_room
D:6:      layout_loops_ring, amcnicky_altar_gilded,
          hangedman_abyss_or_decor_lesser_grid, hangedman_feature_mirror,
          roderic_roman_lattice, uniq_maggie

Skill      XL: |  1  2  3  4  5  6  7  8 |
---------------+-------------------------+-----
Fighting       | 4 6 7 8 |  8.2
Dodging        | 2 3 4 5 |  5.4
Stealth        | 1 2 3 |  3.1
Polearms       | 2 |  2.2
Maces & Flails | |  3.0
Armour         | |  2.2

Action                   |  1- 3 |  4- 6 |  7- 9 || total
-------------------------+-------+-------+-------++-------
Melee: Mace              |   145 |    78 |   226 ||   449
       Halberd           |       |       |   103 ||   103
       Punch             |       |       |     2 ||     2
Throw: Stone             |       |       |     1 ||     1
Invok: Berserk           |     1 |     2 |     4 ||     7
       Trog's Hand       |       |     2 |     4 ||     6
  Use: Potion            |       |     2 |       ||     2
       Scroll            |       |       |     5 ||     5
 Stab: Sleeping          |       |     3 |     2 ||     5
       Distracted        |       |       |     1 ||     1
Armor: Animal skin       |    60 |    53 |   191 ||   304
Dodge: Dodged            |   124 |   101 |   255 ||   480
